 Dungeon Crawl Stone Soup version 0.24-a0-252-g5076262 (webtiles) character file.

Game seed: 8685102123807394445

290 robertstho the Ruffian (level 6, -4/91 HPs)
             Began as a Troll Berserker on Apr 17, 2019.
             Was a Believer of Trog.
             Slain by a slave (7 damage)
             ... led by Pikel
             ... on level 4 of the Dungeon.
             The game lasted 00:03:56 (2130 turns).

robertstho the Ruffian (Troll Berserker)            Turns: 2130, Time: 00:03:56

Health: -4/91      AC:  6    Str: 33    XL:     6   Next: 9%
Magic:  5/5        EV: 11    Int:  3    God:    Trog [**....]
Gold:   85         SH:  0    Dex:  9    Spells: 5/5 levels left

rFire    . . .     SeeInvis .     - Unarmed
rCold    . . .     Gourm    +   (no shield)
rNeg     . . .     Faith    .   a - +0 animal skin
rPois    .         Spirit   .   (helmet restricted)
rElec    .         Reflect  .   (no cloak)
rCorr    .         Harm     .   (gloves unavailable)
MR       .....                  (boots unavailable)
Stlth    ..........             (no amulet)
HPRegen  0.65/turn              (no ring)
MPRegen  0.09/turn              (no ring)

@: berserking, lethally poisoned (-4 -> -36), very quick
A: large, unfitting armour, claws 3, fast metabolism 3, gourmand, regeneration
1, shaggy fur 1, tough skin 3
a: Berserk, Trog's Hand, Renounce Religion


You were on level 4 of the Dungeon.
You worshipped Trog.
Trog was pleased with you.
You were very full.

You visited 1 branch of the dungeon, and saw 4 of its levels.

You collected 85 gold pieces.

Inventory:

Armour
 a - a +0 animal skin (worn)
Jewellery
 p - a +2 ring of intelligence {unknown}
 r - an uncursed amulet of the acrobat {unknown}
Wands
 t - a wand of digging (3)
Scrolls
 d - 6 scrolls of remove curse {unknown}
 e - a scroll of enchant weapon {unknown}
 f - a scroll of random uselessness {unknown}
 i - a scroll of immolation {unknown}
 l - a scroll of enchant armour {unknown}
Potions
 c - a potion of lignification {unknown}
 g - 3 potions of curing {unknown}
 h - 2 potions of invisibility {unknown}
 j - a potion of flight {unknown}
 k - a potion of haste {unknown}
 m - a potion of agility {unknown}
 n - a potion of might {unknown}
 o - 2 potions of berserk rage {unknown}
 s - 2 potions of ambrosia {unknown}
Comestibles
 b - 8 rations
 q - 4 chunks of flesh


   Skills:
 + Level 3.0 Fighting
 * Level 4.0 Dodging
 + Level 0.3 Stealth
 + Level 5.0 Unarmed Combat


You had 5 spell levels left.
You didn't know any spells.
Your spell library was empty.

Dungeon Overview and Level Annotations

Branches:
Dungeon (4/15)
 Temple: D:4-7

Altars:
Trog

Annotations:
D:4 Pikel


Innate Abilities, Weirdness & Mutations

You are too large for most types of armour.
You have claws for hands.
Your metabolism is lightning-fast.
You like to eat raw meat.
Your natural rate of healing is unusually fast.
You are covered in fur. (AC +1)
You have extremely tough skin. (AC +3)


Message History

The orc closely misses you. The slave closely misses you.
You closely miss Pikel.
* * * LOW HITPOINT WARNING * * *
You feel very sick. The slave hits you!
* * * LOW HITPOINT WARNING * * *
Pikel hits you but does no damage.
Unknown command.
You closely miss Pikel.
* * * LOW HITPOINT WARNING * * *
You feel sick. The orc hits you with a +0 club.
* * * LOW HITPOINT WARNING * * *
The orc misses you. The orc hits you.
* * * LOW HITPOINT WARNING * * *
The slave closely misses you.
You claw Pikel!
Pikel is moderately wounded.
* * * LOW HITPOINT WARNING * * *
You feel sick. The slave hits you!
You die...

.......
.#.#.#. .$
....... #.#
)#.#.#. ...
....p..####.#
....#..<....#
#...p....#
#..pKo...#
#..p@oJ..#
#..†)o...#
#........#
#........#
#........#
#........'.
#........#.#
###+#.#.#...


You could see Pikel, 4 slaves, an ooze and 3 orcs.

Vanquished Creatures
  A hound (D:4)
  An orc priest (D:3)
  Ijyb (D:3)
  12 adders
  3 worms
  2 dart slugs (D:2)
  A leopard gecko (D:2)
  7 orcs
  7 giant cockroaches
  7 hobgoblins
  3 jackals (D:3)
  9 bats
  5 frilled lizards
  8 goblins
  5 kobolds
  7 rats
79 creatures vanquished.

Notes
Turn   | Place    | Note
-------+----------+-------------------------------------------
     0 | D:1      | robertstho the Troll Berserker began the quest for the Orb.
     0 | D:1      | Reached XP level 1. HP: 22/22 MP: 0/0
   253 | D:1      | Reached XP level 2. HP: 29/29 MP: 1/1
   334 | D:1      | You fall through a shaft!
   411 | D:2      | Reached XP level 3. HP: 36/36 MP: 2/2
   665 | D:2      | Reached XP level 4. HP: 44/44 MP: 3/3
   726 | D:2      | Found a bloodstained altar of Trog.
   820 | D:2      | Reached skill level 4 in Unarmed Combat
   903 | D:2      | Reached ** piety under Trog
  1308 | D:3      | Reached XP level 5. HP: 37/52 MP: 4/4
  1787 | D:3      | Noticed Ijyb
  1806 | D:3      | Killed Ijyb
  2104 | D:4      | Noticed a slave
  2116 | D:4      | Noticed a slave
  2117 | D:4      | Noticed Pikel
  2120 | D:4      | Noticed a slave
  2123 | D:4      | Noticed a slave
  2126 | D:4      | Reached skill level 5 in Unarmed Combat
  2126 | D:4      | Reached XP level 6. HP: 31/61 MP: 5/5
  2130 | D:4      | HP: 3/91 [poisoned by an orc]
  2130 | D:4      | Slain by a slave

Levels and vault maps discovered:
D:1:      lightli_arrival_flooded_house, layout_basic
D:2:      layout_basic, nrook_campfire, bloody_trog
D:3:      layout_basic, hangedman_decor_slide_cut, uniq_ijyb
D:4:      layout_basic, lightli_sewer_entry_pipes, first_ration,
          serial_co_window_serial, co_window_paths_a, co_window_corner_a,
          co_window_paths_a, co_window_corner_a, co_window_paths_b,
          co_window_corner_a, co_window_corner_b, co_window_corner_b,
          co_window_broadway_a, co_window_corner_b, glass_columns_c,
          glass_columns_b, glass_columns_b, glass_columns_c, minmay_mini_jars,
          uniq_pikel

Skill      XL: |  1  2  3  4  5 |
---------------+----------------+-----
Dodging        | 3 4 |  4.0
Unarmed Combat | 4 5 |  5.0
Fighting       | 3 |  3.0
Stealth        | |  0.3

Action                   |  1- 3 |  4- 6 || total
-------------------------+-------+-------++-------
Melee: Unarmed           |    75 |   178 ||   253
       Punch             |       |     1 ||     1
Invok: Berserk           |       |     3 ||     3
       Trog's Hand       |       |     1 ||     1
 Stab: Sleeping          |     1 |       ||     1
  Eat: Chunk             |    11 |    16 ||    27
Armor: Animal skin       |    25 |    84 ||   109
Dodge: Dodged            |    36 |   143 ||   179

Table legend:
 A = Non-vault XP
 B = Vault XP
 C = Vault XP percentage of total XP
 D = Non-vault monster count
 E = Vault monster count
 F = Vault count percentage of total count
                 A         B        C        D         E       F
            +---------+---------+-------+---------+---------+-------
      Total |     376 |      39 |   9.4 |      78 |       1 |   1.3
            +---------+---------+-------+---------+---------+-------
        D:1 |      20 |       0 |   0.0 |      14 |       0 |   0.0
        D:2 |     157 |       0 |   0.0 |      29 |       0 |   0.0
        D:3 |     141 |      39 |  21.7 |      29 |       1 |   3.3
        D:4 |      58 |       0 |   0.0 |       6 |       0 |   0.0
            +---------+---------+-------+---------+---------+-------
